% Time on Ice - ANCHORAGE ACES
Lines # - Real PCT - Wanted PCT - Time Play
Normal Forward
1 - 35% - 37% - 17:39
2 - 33% - 33% - 16:56
3 - 20% - 20% - 9:58
4 - 13% - 10% - 6:30
Normal Defense
1 - 37% - 36% - 19:04
2 - 30% - 31% - 15:24
3 - 26% - 23% - 13:04
4 - 7% - 10% - 3:31
PP Forward
1 - 51% - 55% - 2:57
2 - 49% - 45% - 2:47
PP Defense
1 - 39% - 55% - 2:14
2 - 61% - 45% - 3:30
PK Forward
1 - 61% - 55% - 1:13
2 - 39% - 45% - 0:46
PK Defense
1 - 68% - 55% - 1:21
2 - 32% - 45% - 0:38
PK3 Forward
1 - 0% - 55%
2 - 0% - 45%
PK3 Defense
1 - 0% - 55%
2 - 0% - 45%
44 Forward
1 - 77% - 55% - 0:57
2 - 23% - 45% - 0:17
44 Defense
1 - 23% - 55% - 0:17
2 - 77% - 45% - 0:57
Last Minute Offensive  - 0:00
Last Minute Defensive  - 0:00
Total
Forward - 60:00
Defense - 60:00
% Time on Ice - OAKLAND GORILLAS
Lines # - Real PCT - Wanted PCT - Time Play
Normal Forward
1 - 32% - 32% - 16:05
2 - 29% - 31% - 15:01
3 - 26% - 27% - 13:02
4 - 14% - 10% - 6:55
Normal Defense
1 - 34% - 34% - 17:35
2 - 33% - 33% - 16:48
3 - 32% - 33% - 16:31
4 - 0% - 0% - 0:09
PP Forward
1 - 39% - 55% - 0:47
2 - 61% - 45% - 1:12
PP Defense
1 - 61% - 55% - 1:12
2 - 39% - 45% - 0:47
PK Forward
1 - 71% - 55% - 4:05
2 - 29% - 45% - 1:39
PK Defense
1 - 53% - 55% - 3:01
2 - 47% - 45% - 2:43
PK3 Forward
1 - 0% - 55%
2 - 0% - 45%
PK3 Defense
1 - 0% - 55%
2 - 0% - 45%
44 Forward
1 - 77% - 55% - 0:57
2 - 23% - 45% - 0:17
44 Defense
1 - 58% - 55% - 0:43
2 - 42% - 45% - 0:31
Last Minute Offensive  - 0:00
Last Minute Defensive  - 0:00
Total
Forward - 60:00
Defense - 60:00
Play-by-Play 1st period 0:01 of 1st period - Connor McDavid wins face-off versus Tomas Tatar in neutral zone. 0:09 of 1st period - Shot by Tomas Tatar. 0:09 of 1st period - Stopped by Carey Price with a rebound. 0:21 of 1st period - Shot by Alexander Wennberg. 0:21 of 1st period - Stopped by Carey Price without a rebound. 0:22 of 1st period - Phillip Danault wins face-off versus Lucas Wallmark in ANCHORAGE ACES zone. 0:37 of 1st period - Shot by Chris Kreider. 0:37 of 1st period - Shot Hit the Post. 0:39 of 1st period - Shot by Zachary Werenski. 0:39 of 1st period - Stopped by Charlie Lindgren with a rebound. 0:41 of 1st period - Shot by Phillip Danault. 0:41 of 1st period - Shot Blocked by Kevin Shattenkirk. 1:03 of 1st period - Shot by Phillip Danault. 1:03 of 1st period - Stopped by Charlie Lindgren without a rebound. 1:04 of 1st period - Devin Shore wins face-off versus Curtis Lazar in OAKLAND GORILLAS zone. 1:04 of 1st period - Devin Shore is hit by Cal Clutterbuck. 1:16 of 1st period - Shot by Joel Farabee. 1:16 of 1st period - Stopped by Carey Price without a rebound. 1:17 of 1st period - Jacob de la Rose wins face-off versus Nico Hischier in ANCHORAGE ACES zone. 1:17 of 1st period - Jacob de la Rose is hit by Michael Dal Colle. 1:41 of 1st period - Shea Weber is hit by Nico Hischier and loses puck. 2:12 of 1st period - Icing by Nico Hischier. 2:13 of 1st period - Connor McDavid wins face-off versus Nico Hischier in OAKLAND GORILLAS zone. 2:13 of 1st period - Nathan MacKinnon is hit by Nikita Zadorov and loses puck. 3:41 of 1st period - Off-side. 3:42 of 1st period - Tomas Tatar wins face-off versus Phillip Danault in neutral zone. 4:13 of 1st period - Shot by Phillip Danault. 4:13 of 1st period - Shot Misses the Net. 4:34 of 1st period - Icing by Mikhail Sergachev. 4:35 of 1st period - Alexander Wennberg wins face-off versus Curtis Lazar in OAKLAND GORILLAS zone. 4:59 of 1st period - Zachary Werenski is hit by Colin White and loses puck. 5:09 of 1st period - Icing by Ben Chiarot. 5:10 of 1st period - Nico Hischier wins face-off versus Artturi Lehkonen in ANCHORAGE ACES zone. 5:10 of 1st period - Michael Dal Colle is hit by Zachary Werenski and loses puck. 6:56 of 1st period - Shot by Chris Kreider. 6:56 of 1st period - Stopped by Charlie Lindgren without a rebound. 6:57 of 1st period - Jacob de la Rose wins face-off versus Devin Shore in OAKLAND GORILLAS zone. 6:59 of 1st period - Minor Penalty to Mikhail Sergachev for Roughing. 7:00 of 1st period - Phillip Danault wins face-off versus Nico Hischier in OAKLAND GORILLAS zone. 7:12 of 1st period - Icing by Zachary Werenski. 7:13 of 1st period - Phillip Danault wins face-off versus Tomas Tatar in ANCHORAGE ACES zone. 7:24 of 1st period - Shot by Nikolaj Ehlers. 7:24 of 1st period - Shot Misses the Net. 7:26 of 1st period - Shot by Ben Chiarot. 7:26 of 1st period - Stopped by Charlie Lindgren with a rebound. 7:28 of 1st period - Shot by Nikolaj Ehlers. 7:28 of 1st period - Shot Misses the Net. 8:26 of 1st period - Shot by Nathan MacKinnon. 8:26 of 1st period - Stopped by Charlie Lindgren without a rebound. 8:27 of 1st period - Nathan MacKinnon wins face-off versus Nico Hischier in OAKLAND GORILLAS zone. 9:04 of 1st period - Shot by Artturi Lehkonen. 9:04 of 1st period - Deflect By Curtis Lazar. 9:04 of 1st period - Stopped by Charlie Lindgren without a rebound. 9:05 of 1st period - Lucas Wallmark wins face-off versus Curtis Lazar in OAKLAND GORILLAS zone. 9:20 of 1st period - Shot by Cal Clutterbuck. 9:20 of 1st period - Shot Misses the Net. 9:22 of 1st period - Shot by Cal Clutterbuck. 9:22 of 1st period - Stopped by Charlie Lindgren with a rebound. 10:11 of 1st period - Shot by Joel Farabee. 10:11 of 1st period - Stopped by Carey Price without a rebound. 10:12 of 1st period - Connor McDavid wins face-off versus Alexander Wennberg in ANCHORAGE ACES zone. 10:23 of 1st period - Shot by Nathan MacKinnon. 10:23 of 1st period - Shot Misses the Net. 10:25 of 1st period - Shot by Nikolaj Ehlers. 10:25 of 1st period - Stopped by Charlie Lindgren without a rebound. 10:26 of 1st period - Jakob Silfverberg wins face-off versus Devin Shore in OAKLAND GORILLAS zone. 10:51 of 1st period - Shot by Chris Kreider. 10:51 of 1st period - Shot Misses the Net. 10:53 of 1st period - Shot by Shea Weber. 10:53 of 1st period - Stopped by Charlie Lindgren without a rebound. 10:54 of 1st period - Nathan MacKinnon wins face-off versus Alexander Wennberg in OAKLAND GORILLAS zone. 11:02 of 1st period - Shot by Connor McDavid. 11:02 of 1st period - Shot Blocked by Kurtis MacDermid. 11:04 of 1st period - Shot by Connor McDavid. 11:04 of 1st period - Deflect By Nathan MacKinnon. 11:04 of 1st period - Goal by Nathan MacKinnon - ANCHORAGE ACES : 1 - OAKLAND GORILLAS : 0. 11:05 of 1st period - Lucas Wallmark wins face-off versus Jacob de la Rose in neutral zone. 11:29 of 1st period - Nate Thompson is hit by Nikita Zadorov and loses puck. 11:36 of 1st period - Shot by Jacob de la Rose. 11:36 of 1st period - Stopped by Charlie Lindgren without a rebound. 11:37 of 1st period - Phillip Danault wins face-off versus Tyler Toffoli in OAKLAND GORILLAS zone. 11:38 of 1st period - Shot by Chris Kreider. 11:38 of 1st period - Shot Misses the Net. 11:41 of 1st period - Icing by Kurtis MacDermid. 11:42 of 1st period - Jakob Silfverberg wins face-off versus Alexander Wennberg in OAKLAND GORILLAS zone. 11:59 of 1st period - Shot by Phillip Danault. 11:59 of 1st period - Stopped by Charlie Lindgren without a rebound. 12:00 of 1st period - Connor McDavid wins face-off versus Devin Shore in OAKLAND GORILLAS zone. 12:11 of 1st period - Shot by Connor McDavid. 12:11 of 1st period - Shot Misses the Net. 12:13 of 1st period - Shot by Connor McDavid. 12:13 of 1st period - Shot Misses the Net. 12:15 of 1st period - Shot by Carl Gunnarsson. 12:15 of 1st period - Shot Blocked by Mikhail Sergachev. 13:02 of 1st period - Shot by Phillip Danault. 13:02 of 1st period - Shot Misses the Net. 14:38 of 1st period - Shot by Lucas Wallmark. 14:38 of 1st period - Stopped by Carey Price without a rebound. 14:39 of 1st period - Connor McDavid wins face-off versus Liam Foudy in ANCHORAGE ACES zone. 15:59 of 1st period - Shot by Colin White. 15:59 of 1st period - Goal by Colin White - ANCHORAGE ACES : 1 - OAKLAND GORILLAS : 1. 16:00 of 1st period - Jacob de la Rose wins face-off versus Lucas Wallmark in neutral zone. 17:13 of 1st period - Shot by Chris Kreider. 17:13 of 1st period - Stopped by Charlie Lindgren with a rebound. 17:15 of 1st period - Shot by Jakob Silfverberg. 17:15 of 1st period - Stopped by Charlie Lindgren without a rebound. 17:16 of 1st period - Connor McDavid wins face-off versus Alexander Wennberg in OAKLAND GORILLAS zone. 17:21 of 1st period - Shot by Nathan MacKinnon. 17:21 of 1st period - Deflect By Connor McDavid. 17:21 of 1st period - Stopped by Charlie Lindgren without a rebound. 17:22 of 1st period - Connor McDavid wins face-off versus Alexander Wennberg in OAKLAND GORILLAS zone. 17:29 of 1st period - Shot by Connor McDavid. 17:29 of 1st period - Shot Misses the Net. 17:41 of 1st period - Shot by Tomas Tatar. 17:41 of 1st period - Shot Blocked by Seth Jones. 17:43 of 1st period - Shot by Tomas Tatar. 17:43 of 1st period - Shot Blocked by Shea Weber. 17:45 of 1st period - Shot by Tomas Tatar. 17:45 of 1st period - Stopped by Carey Price without a rebound. 17:46 of 1st period - Phillip Danault wins face-off versus Joel Farabee in ANCHORAGE ACES zone. 18:44 of 1st period - Shot by Alexander Wennberg. 18:44 of 1st period - Shot Blocked by Phillip Danault. 18:46 of 1st period - Shot by Alexander Wennberg. 18:46 of 1st period - Stopped by Carey Price without a rebound. 18:47 of 1st period - Lucas Wallmark wins face-off versus Connor McDavid in ANCHORAGE ACES zone. Goals for this period are 1 for ANCHORAGE ACES vs 1 for OAKLAND GORILLAS. Shots for this period are 15 for ANCHORAGE ACES vs 8 for OAKLAND GORILLAS. 2nd period 0:01 of 2nd period - Alexander Wennberg wins face-off versus Phillip Danault in neutral zone. 1:48 of 2nd period - Icing by Ben Chiarot. 1:49 of 2nd period - Nathan MacKinnon wins face-off versus Devin Shore in ANCHORAGE ACES zone. 1:51 of 2nd period - Icing by Zachary Werenski. 1:52 of 2n